 Dungeon Crawl Stone Soup version 0.30-a0-989-g0d87f670db (webtiles) character file.

Game seed: 637046605504543381

13547 dolemite99 the Basher (level 11, -7/81 HPs)
             Began as a Demonspawn Reaver on Apr 3, 2023.
             Was a Priest of Makhleb.
             Mangled by a death knight
             ... wielding a +1 battleaxe of freezing
              (14 damage)
             ... on level 11 of the Dungeon.
             The game lasted 00:21:42 (15315 turns).

dolemite99 the Basher (Demonspawn Reaver)          Turns: 15315, Time: 00:21:43

Health: -7/81      AC: 12    Str: 23    XL:     11   Next: 77%
Magic:  16/16      EV: 15    Int: 14    God:    Makhleb [***...]
Gold:   153        SH:  6    Dex: 12    Spells: 8/14 levels left

rFire   + . .      SeeInvis .    a - +2 broad axe
rCold   . . .      Faith    +    G - +2 buckler {rF+}
rNeg    . . .      Spirit   .    n - +0 swamp dragon scales
rPois   +          Reflect  .    (helmet restricted)
rElec   .          Rampage  .    (no cloak)
rCorr   .                        z - +1 pair of gloves
Will    .....                    D - +2 pair of boots
Stlth   +                        w - amulet of faith
HPRegen 0.33/turn                I - +5 ring of evasion
MPRegen 0.15/turn                B - +6 ring of strength

@: mighty, about to teleport
A: hooves 2, horns 2, powered by death 2, powered by pain 1
a: Renounce Religion, Minor Destruction, Lesser Servant of Makhleb


You were on level 11 of the Dungeon.
You worshipped Makhleb.
Makhleb was most pleased with you.
You visited 1 branch of the dungeon, and saw 11 of its levels.

You collected 531 gold pieces.
You spent 378 gold pieces at shops.

Inventory:

Hand Weapons
 a - a +2 broad axe (weapon)
 c - a +0 flail
 i - a +0 dire flail
 q - a +0 war axe
Missiles
 u - 21 poisoned darts (quivered)
 y - a throwing net
 A - 2 silver javelins
Armour
 m - a +2 ring mail of cold resistance
 n - +0 swamp dragon scales (worn)
 x - +0 acid dragon scales
 z - a +1 pair of gloves (worn)
 D - a +2 pair of boots (worn)
 G - a +2 buckler of fire resistance (worn)
Magical Staves
 d - a staff of earth
 j - a staff of air
Jewellery
 l - a ring of positive energy
 w - an amulet of faith (around neck)
 B - a +6 ring of strength (right hand)
 I - a +5 ring of evasion (left hand)
 K - an amulet of regeneration
Wands
 k - a wand of flame (7)
 r - a wand of charming (1)
 E - a wand of iceblast (27)
 H - a wand of mindburst (17)
Scrolls
 e - a scroll of amnesia {unknown}
 g - a scroll of torment
 p - 4 scrolls of magic mapping
 v - a scroll of teleportation
 M - 2 scrolls of identify {@r1}
 N - 2 scrolls of fog
Potions
 b - a potion of ambrosia {unknown}
 f - 2 potions of flight
 h - a potion of attraction
 o - 5 potions of heal wounds
 s - 2 potions of magic
 t - a potion of mutation {unknown}
 C - 3 potions of curing
 P - 2 potions of brilliance


   Skills:
 - Level 6.1 Fighting
 + Level 6.9(11.3) Axes
 - Level 13.8(14.4) Maces & Flails
 - Level 1.7 Dodging
 - Level 3.8 Shields
 - Level 2.0 Spellcasting
 - Level 3.0 Conjurations
 - Level 7.4 Invocations


You had 8 spell levels left.
You knew the following spells:

 Your Spells              Type           Power      Damage    Failure   Level
a - Kiss of Death         Conj/Necr      20%        2d7       26%         1
b - Mephitic Cloud        Conj/Pois/Air  4%         N/A       69%         3
c - Poisonous Vapours     Pois/Air       2%         N/A       58%         2

Your spell library contained the following spells:

 Spells                   Type           Power      Damage    Failure   Level
 Foxfire                  Conj/Fire      20%        2x1d3     26%         1
 Momentum Strike          Conj/Tloc      10%        3d8       38%         2
 Sting                    Tmut/Pois      4%         1d3       45%         1
 Lesser Beckoning         Tloc           2%         N/A       58%         2
 Hailstorm                Conj/Ice       5%         3d4       63%         3
 Frozen Ramparts          Ice            2%         1d1       83%         3
 Gell's Gravitas          Tloc           1%         N/A       83%         3
 Teleport Other           Tloc           1%         N/A       83%         3
 Vhi's Electric Charge    Tloc/Air       2%         N/A       83%         3
 Anguish                  Hex/Necr       0%         N/A       99%         4
 Animate Dead             Necr           1%         N/A       99%         4
 Ice Form                 Ice/Tmut       1%         N/A       99%         4
 Olgreb's Toxic Radiance  Pois           1%         N/A       99%         4
 Summon Ice Beast         Ice/Summ       1%         N/A       99%         4
 Arcjolt                  Conj/Air       2%         1d12      100%        5
 Borgnjor's Vile Clutch   Necr/Erth      0%         N/A       100%        5
 Fireball                 Conj/Fire      2%         3d4       100%        5
 Death Channel            Necr           0%         N/A       100%        6
 Starburst                Conj/Fire      2%         6d3       100%        6
 Maxwell's Capacitive Co  Air            0%         ∞         100%        8


Dungeon Overview and Level Annotations

Branches:
Dungeon (11/15)            Temple (0/1) D:5            Lair (0/5) D:8
    Orc (0/2) D:11

Altars:
Cheibriados
Dithmenos
Kikubaaqudgha
Makhleb
Nemelex Xobeh
Okawaru
Qazlal
Ru
Uskayaw
Vehumet
Wu Jian
Xom

Annotations:
D:3 exclusion: downstairs
D:6 1 runed translucent door, Crazy Yiuf


Innate Abilities, Weirdness & Mutations

You have hoof-like feet.
You have a pair of horns on your head.
You regenerate health from kills.
You sometimes gain a little power by taking damage.


Message History

You headbutt the death knight, but do no damage.
The death knight is severely wounded.
The death knight hits you with a +3 great mace!
You closely miss the death knight. Your headbutt misses the death knight.
The death knight is severely wounded.
The death knight completely misses you. The death knight misses you.
A death knight comes into view.
It is wielding a +1 battleaxe of freezing.
You hit the death knight.
The death knight is severely wounded.
The death knight hits you with a +3 great mace!!
* * * LOW HITPOINT WARNING * * *
The death knight offers itself to Yredelemnul, and fills with unholy energy.
You slash the death knight!
The death knight is almost dead.
The death knight offers itself to Yredelemnul, and fills with unholy energy.
You slice the death knight!!
You kill the death knight!
Makhleb accepts your kill.
You feel better.
You closely miss the death knight.
Your damage is reflected back at you!
You block the death knight's attack.
Okay, then.
A demon appears!
The death knight hits you with a +1 battleaxe of freezing!
* * * LOW HITPOINT WARNING * * *
The death knight freezes you.
* * * LOW HITPOINT WARNING * * *
The death knight hits your orange demon with a +1 battleaxe of freezing!
The death knight freezes your orange demon.
The death knight attacks as you move away!
The death knight closely misses you.
The death knight barely misses your orange demon.
Your orange demon closely misses the death knight.
There is an open door, spattered with blood here.
Things that are here:
a +3 great mace; a +0 chain mail; a human corpse
As you read the scroll of teleportation, it crumbles to dust.
You feel strangely unstable.
The death knight's dark mirror aura disappears.
The death knight hits you with a +1 battleaxe of freezing!
You die...

.#......#.#..#.#.# ........#...#.
.#.######.#..#.#.##........#...#.
.#.######.#.......'............#.
.#......#.#.##.#.##........##!###
.#......#.#....#.####...........<
.#......#.###..#....#.........###
.#......#.###..####.######.......
.#.......................'.......
.##.....#.#.....@p..######.......
>##.....#.#....###.....# #.......
.##.....#.#....4.).....# #.......
..#######.#....###.....# ########
..# #.#....#####.############
..#######.#.#>...................
..........#.........##.......####
....................##...........
.............######.##...........


You could see a death knight.

Vanquished Creatures
  2 tengu warriors (D:9)
  Erica (D:10)
  3 death knights (D:11)
  Pikel (D:8)
  Maggie (D:6)
  A rime drake (D:8)
  3 wyverns
  A shadow (D:9)
  5 wraiths (D:11)
  16 yaks
  An acid dragon (D:10)
  A water moccasin (D:7)
  A black bear (D:7)
  2 ice beasts (D:8)
  3 orc warriors
  3 ogres
  A wolf (D:8)
  4 centaurs
  5 kobold brigands
  Blork the orc (D:4)
  6 bullfrogs
  5 scorpions
  17 wights
  13 killer bees
  8 howler monkeys
  A jelly (D:5)
  A gnoll bouda (D:6)
  An orc priest (D:6)
  6 hounds
  A sleepcap (D:8)
  6 orc wizards
  4 iguanas
  10 gnolls
  8 adders
  A shadow imp (D:7)
  A white imp (D:7)
  2 ufetubi (D:5)
  3 worms
  6 dart slugs
  23 orcs
  5 bats
  9 endoplasms
  5 giant cockroaches
  5 goblins
  11 hobgoblins
  4 jackals (D:2)
  28 kobolds
  4 quokkas
  6 ball pythons
  4 frilled lizards
  8 rats
268 creatures vanquished.

Vanquished Creatures (collateral kills)
  2 ice beasts (D:8)
  2 wolves (D:8)
  A jelly (D:8)
5 creatures vanquished.

Vanquished Creatures (others)
  5 plants
5 creatures vanquished.

Grand Total: 278 creatures vanquished

Notes
Turn   | Place    | Note
-------+----------+-------------------------------------------
     0 | D:1      | dolemite99 the Demonspawn Reaver began the quest for the
                  | Orb.
     0 | D:1      | Reached XP level 1. HP: 16/16 MP: 3/3
    48 | D:1      | Discovered your monstrous ancestry.
    48 | D:1      | Gained mutation: You have large cloven feet. [demonic
                  | ancestry]
    48 | D:1      | Reached XP level 2. HP: 3/22 MP: 5/5
   345 | D:1      | Reached skill level 1 in Maces & Flails
   449 | D:1      | Gained mutation: You sometimes gain a little power by
                  | taking damage. [demonic ancestry]
   449 | D:1      | Reached XP level 3. HP: 25/27 MP: 6/6
   580 | D:1      | Reached skill level 2 in Maces & Flails
  1259 | D:2      | Gained mutation: You have hoof-like feet. [demonic
                  | ancestry]
  1259 | D:2      | Reached XP level 4. HP: 30/33 MP: 7/7
  1587 | D:2      | Reached skill level 3 in Maces & Flails
  2663 | D:4      | Noticed a scorpion
  2664 | D:4      | Noticed Blork the orc
  2689 | D:3      | Reached XP level 5. HP: 13/38 MP: 8/8
  3217 | D:4      | Found a burning altar of Makhleb.
  3261 | D:4      | Became a worshipper of Makhleb the Destroyer
  3309 | D:4      | Killed Blork the orc
  3310 | D:4      | Reached skill level 5 in Axes
  3310 | D:4      | Gained mutation: You have a pair of small horns on your
                  | head. [demonic ancestry]
  3310 | D:4      | Reached XP level 6. HP: 26/44 MP: 9/9
  3701 | D:4      | Reached skill level 4 in Maces & Flails
  4279 | D:5      | Entered Level 5 of the Dungeon
  4384 | D:5      | Got the Folio of the Wolf
  4397 | D:5      | Found a radiant altar of Vehumet.
  4577 | D:5      | Found a hide-covered altar of Uskayaw.
  4661 | D:5      | Gained mutation: You have a pair of horns on your head.
                  | [demonic ancestry]
  4661 | D:5      | Reached XP level 7. HP: 48/50 MP: 10/10
  4701 | D:5      | Reached skill level 5 in Maces & Flails
  4719 | D:5      | Found a staircase to the Ecumenical Temple.
  5402 | D:5      | Reached skill level 6 in Maces & Flails
  6363 | D:6      | Reached * piety under Makhleb
  6374 | D:6      | Reached XP level 8. HP: 43/56 MP: 11/11
  6377 | D:6      | Reached skill level 7 in Maces & Flails
  6729 | D:6      | Found a sparkling altar of Nemelex Xobeh.
  7059 | D:6      | Noticed Maggie
  7075 | D:6      | Killed Maggie
  7076 | D:6      | Reached skill level 8 in Maces & Flails
  7171 | D:6      | Reached skill level 9 in Maces & Flails
  7544 | D:6      | Found a shadowy altar of Dithmenos.
  7787 | D:6      | Found a runed translucent door.
  7788 | D:6      | Noticed Crazy Yiuf
  8398 | D:7      | Gained mutation: You regenerate a little health from kills.
                  | [demonic ancestry]
  8398 | D:7      | Reached XP level 9. HP: 59/61 MP: 12/12
  8462 | D:7      | Reached skill level 10 in Maces & Flails
  8593 | D:7      | Found a flagged portal.
  8830 | D:7      | Found an ornate altar of the Wu Jian Council.
  8974 | D:7      | Reached ** piety under Makhleb
  9123 | D:7      | Reached skill level 11 in Maces & Flails
  9482 | D:7      | Found an ancient bone altar of Kikubaaqudgha.
  9482 | D:7      | Found an iron altar of Okawaru.
  9483 | D:7      | Found a snail-covered altar of Cheibriados.
  9725 | D:8      | Found a stormy altar of Qazlal.
  9860 | D:8      | Noticed a rime drake
  9862 | D:8      | Found a staircase to the Lair.
  9871 | D:8      | Reached skill level 12 in Maces & Flails
  9885 | D:8      | Killed a rime drake
  9886 | D:8      | Reached XP level 10. HP: 24/67 MP: 5/13
 10496 | D:8      | Noticed Pikel
 10517 | D:8      | Killed Pikel
 10518 | D:8      | Reached skill level 13 in Maces & Flails
 10573 | D:8      | Found a shimmering altar of Xom.
 10973 | D:9      | Found Cebbog's Magic Scroll Shoppe.
 10994 | D:9      | Bought a scroll of blinking for 105 gold pieces
 10994 | D:9      | Bought a scroll of fog for 56 gold pieces
 10994 | D:9      | Bought a scroll of fog for 56 gold pieces
 10994 | D:9      | Bought a scroll of magic mapping for 105 gold pieces
 10994 | D:9      | Bought a scroll of identify for 28 gold pieces
 10994 | D:9      | Bought a scroll of identify for 28 gold pieces
 11160 | D:9      | Reached skill level 1 in Invocations
 11178 | D:9      | Reached *** piety under Makhleb
 11791 | D:9      | Noticed a tengu warrior
 11791 | D:9      | Noticed a tengu warrior
 11810 | D:9      | Killed a tengu warrior
 11981 | D:9      | Killed a tengu warrior
 11982 | D:9      | Gained mutation: You regenerate health from kills. [demonic
                  | ancestry]
 11982 | D:9      | Reached XP level 11. HP: 29/72 MP: 14/16
 12262 | D:10     | Entered Level 10 of the Dungeon
 12506 | D:10     | Noticed Erica
 12531 | D:10     | Killed Erica
 12713 | D:10     | Reached skill level 5 in Fighting
 13105 | D:10     | Learned a level 3 spell: Mephitic Cloud
 13108 | D:10     | Learned a level 2 spell: Poisonous Vapours
 13132 | D:10     | Found a sacrificial altar of Ru.
 13544 | D:11     | Found a staircase to the Orcish Mines.
 13873 | D:11     | Reached skill level 1 in Shields
 14361 | D:11     | Noticed a death knight
 14361 | D:11     | Noticed a death knight
 14362 | D:11     | Noticed a death knight
 14386 | D:11     | Killed a death knight
 15052 | D:11     | Noticed a death knight
 15070 | D:11     | Killed a death knight
 15306 | D:11     | Noticed a death knight
 15309 | D:11     | Killed a death knight
 15315 | D:11     | Mangled by a death knight

Illustrated notes

Levels and vault maps discovered:
D:1:      saegor_arrival_simple_c, layout_basic, serial_bayou_pond_c
D:2:      minmay_chambers_of_ones, layout_rooms, nicolae_elevator_lobby_asterisk
D:3:      layout_rooms, elyvilon_altar_1
D:4:      layout_loops_ring, kennysheep_little_box, uniq_blork_the_orc
D:5:      layout_basic, mainiacjoe_overflow_six_doors_small, old_standard_altar,
          minmay_temple_entry_offerings
D:6:      layout_basic, nicolae_dithmenos_shadow_blocks,
          nemelex_diamond_rough_becter, uniq_crazy_yiuf_cottage, uniq_maggie
D:7:      layout_basic, nicolae_wu_jian_immortal_techniques, minitemple,
          enter_bailey_2, serial_shops, shop
D:8:      layout_loops_cross, mainiacjoe_overflow_surrounded_room,
          nicolae_qazlal_scattered_showers, hellmonk_lair_entry_icy,
          nicolae_eternal_life, minivault_19, uniq_pikel
D:9:      layout_roguey, mainiacjoe_overflow_boulevard, serial_shops,
          nicolae_shop_competitors_out_of_business
D:10:     layout_stronghold, nicolae_ru_awakened_eye, uniq_erica
D:11:     cheibrodos_tormentor_scu, layout_basic, orc_0_dummy

Skill      XL: |  1  2  3  4  5  6  7  8  9 10 11 |
---------------+----------------------------------+-----
Axes           | 3 5 6 |  6.9
Maces & Flails | 1 2 3 4 6 9 12 13 | 13.8
Invocations    | 7 |  7.4
Fighting       | 6 |  6.1
Shields        | 3 |  3.8
Dodging        | |  1.7
Spellcasting   | |  2.0
Conjurations   | |  3.0

Action                     |  1- 3 |  4- 6 |  7- 9 | 10-12 || total
---------------------------+-------+-------+-------+-------++-------
  Melee: Hand axe          |     7 |       |       |       ||     7
         Punch             |     1 |     1 |       |       ||     2
         Flail             |   106 |    53 |       |       ||   159
         Kick              |    27 |    41 |    80 |    59 ||   207
         War axe           |       |    59 |       |       ||    59
         Dire flail        |       |    86 |   283 |   165 ||   534
         Headbutt          |       |    14 |    42 |    58 ||   114
         Broad axe         |       |       |       |   182 ||   182
   Fire: Longbow           |       |       |    20 |       ||    20
  Throw: Dart              |       |     2 |    14 |       ||    16
         Boomerang         |       |       |     4 |       ||     4
         Javelin           |       |       |     2 |     2 ||     4
 Invoke: Lesser Servant of |       |       |       |     4 ||     4
         Minor Destruction |       |       |       |     1 ||     1
  Evoke: Wand              |       |       |       |    30 ||    30
    Use: Scroll            |       |     4 |    10 |    13 ||    27
         Potion            |       |     3 |     3 |     5 ||    11
   Stab: Invisible         |       |       |       |     4 ||     4
 Armour: Leather armour    |    27 |       |       |       ||    27
         Ring mail         |     9 |    88 |    20 |       ||   117
         Swamp dragon scal |       |       |    64 |    96 ||   160
  Dodge: Dodged            |    89 |   110 |   167 |   227 ||   593
  Block: Buckler           |       |       |       |    47 ||    47

Table legend: (Time is in decaauts)
 A = Elapsed time spent in this place.
 B = Non-inter-level travel time spent in this place.
 C = Inter-level travel time spent in this place.
 D = Time resting spent in this place.
 E = Time spent auto-exploring this place.
 F = Levels seen in this place.
 G = Mean time per level.
                   A        B        C        D        E       F      G
               +--------+--------+--------+--------+--------+-----+--------+
         Total |  15351 |  14995 |    356 |   5543 |   6393 |  11 | 1395.5 |
       Dungeon |  15351 |  14995 |    356 |   5543 |   6393 |  11 | 1395.5 |
               +--------+--------+--------+--------+--------+-----+--------+

Top non-repeatable levels by time:
     D:6: 2558 daAuts
    D:10: 1878 daAuts
     D:5: 1501 daAuts
     D:4: 1434 daAuts
     D:9: 1314 daAuts
     D:7: 1275 daAuts
    D:11: 1254 daAuts
     D:8: 1225 daAuts
     D:3: 1082 daAuts
     D:1: 1026 daAuts
     D:2: 799 daAuts
